[Event "EU-chT (Men) 20th"]
[Site "Reykjavik"]
[Date "2015.11.20"]
[Round "7.1"]
[White "Vachier Lagrave, Maxime"]
[Black "Svidler, Peter"]
[Result "1/2-1/2"]
[ECO "E60"]
[WhiteElo "2765"]
[BlackElo "2745"]
[Annotator "Baldauf,M"]
[PlyCount "77"]
[EventDate "2015.11.13"]
[EventType "team-swiss"]
[EventRounds "9"]
[EventCountry "ISL"]
[SourceTitle "CBM 170"]
[Source "ChessBase"]
[SourceDate "2016.01.15"]
[SourceVersion "1"]
[SourceVersionDate "2016.01.15"]
[SourceQuality "1"]
[WhiteTeam "France"]
[BlackTeam "Russia"]
[WhiteTeamCountry "FRA"]
[BlackTeamCountry "RUS"]
[TimeControl "6000+820"]
[WhiteClock "0:03:22"]
[BlackClock "0:15:40"]

1. d4 Nf6 2. c4 g6 3. f3 Nc6 4. Nc3 d5 5. cxd5 Nxd5 6. e4 Nxc3 7. bxc3 Bg7 8.
Bb5 O-O 9. Ne2 Na5 10. Be3 Be6 11. Bf2 a6 12. Bd3 Bc4 13. O-O b5 14. Bxc4 Nxc4
15. Nc1 c5 16. Nb3 cxd4 17. cxd4 Qd6 {Schwarz hat die Eröffnung gut gespielt
und steht einen Ticken angenehmer. Die c-Linie ist in seiner Hand, der
potentielle Freibauer am Damenflügel ist ein weiterer Trumpf.} 18. Qe2 Qa3 19.
Rab1 Rac8 20. Rfd1 Na5 {Rückwärtsgang - für mich so nachvollziehbar, dass
Svidler 23...Se7 nebst ...Sd5 plante, aber rechtzeitig die prekäre Lage seiner
Dame erkannte.} 21. Nc5 Nc6 22. e5 e6 23. f4 Rc7 (23... Ne7 $6 24. Qd2 Nd5 $140
25. Rb3 $18) 24. d5 $14 {jetzt ist die geplante weißfeldrige Blockade dahin.}
exd5 25. Rxd5 Rd8 26. Rxd8+ Nxd8 27. Qd2 Nb7 28. Nxb7 Rxb7 29. Rc1 h5 30. Rc8+
Kh7 31. h3 Qe7 32. Qd6 Qd7 33. Qxd7 Rxd7 {Schwarz hat den weißen Druck
neutralisieren können und Remis ist das folgerichtige Ergebnis} 34. Bh4 Rd4 35.
Bg5 Bh6 36. Bf6 Bg7 37. Bg5 Bh6 38. Bf6 Bg7 39. Bg5 1/2-1/2